 Dungeon Crawl Stone Soup version 0.31-a0-246-g8cbcc1cb85 (webtiles) character file.

Game seed: 4777391591382991414

1499 LeprechaunX the Insei (level 8, 0/54 HPs)
             Began as an Octopode Shapeshifter on July 12, 2023.
             Was an Initiate of Cheibriados.
             Slain by a killer bee (6 damage)
             ... on level 7 of the Dungeon.
             The game lasted 00:13:20 (5333 turns).

LeprechaunX the Insei (Octopode Shapeshifter)       Turns: 5333, Time: 00:13:21

Health: 0/54       AC:  1    Str: 15    XL:     8   Next: 81%
Magic:  23/23      EV: 15    Int: 12    God:    Cheibriados [......]
Gold:   465        SH:  0    Dex: 15    Spells: 7/7 levels left

rFire   + .          .
                       - Unarmed
rCold   . . .        (no shield)
rNeg    . . .        (helmet currently unavailable)
rPois   .            t
                       - Hermit's Pendant {Faith Invo=14 Evo=0 MP+5}
rElec   .            g - ring of protection from fire
rCorr   .            A - ring of flight
SInv    +            H - ring of see invisible
Will    .....        (no ring)
Stlth   ++           (no ring)
HPRegen 0.29/turn    (no ring)
MPRegen 0.18/turn    (no ring)
                     (no ring)

%: faith
@: lethally poisoned (0 -> -19), beast-form, flying, very slow
A: beast (slay +4), almost no armour, amphibious, 8 rings, camouflage 1,
gelatinous body 1, (nimble swimmer 1), tentacles
a: Renounce Religion


You were on level 7 of the Dungeon.
You worshipped Cheibriados.
Cheibriados was noncommittal.
You were a hulking beast.
You visited 2 branches of the dungeon, and saw 8 of its levels.

You collected 465 gold pieces.

Inventory:

Hand Weapons
 b - a +2 orcbow of freezing
 j - a +1 antimagic mace
 D - the +8 rapier "Hydrabane" {venom, rN+ MP+9 Str-3 Int+7}
   (You found it on level 5 of the Dungeon)

   Str:       It affects your strength (-3).
   Int:       It affects your intelligence (+7).
   rN:        It protects you from negative energy.
   MP:        It affects your magic capacity (+9).
Missiles
 h - a throwing net
Armour
 z - a +0 buckler
Jewellery
 g - a ring of protection from fire (left tentacle)
 t - the Hermit's Pendant (around mantle) {Faith Invo=14 Evo=0 MP+5}
   (You found it on level 3 of the Dungeon)

   [amulet of faith]

   Invo=14: It sets your Invocations skill to 14.
   Evo=0: It sets your Evocations skill to 0.
   It allows you to gain divine favour quickly.
   MP:        It affects your magic capacity (+5).
 A - a ring of flight (right tentacle)
 H - a ring of see invisible (on tentacle)
Talismans
 y - a beast talisman
Wands
 v - a wand of quicksilver (8)
 w - a wand of flame (7)
 I - a wand of polymorph (14)
Scrolls
 c - a scroll of torment {unknown}
 d - 2 scrolls of immolation {unknown}
 e - 3 scrolls of amnesia {unknown}
 f - 2 scrolls of fog {unknown}
 i - 5 scrolls of identify {unknown}
 k - a scroll of brand weapon {unknown}
 n - 3 scrolls of teleportation {unknown}
 q - 2 scrolls of blinking {unknown}
 r - a scroll of revelation {unknown}
 s - 2 scrolls of vulnerability {unknown}
 B - a scroll of poison {unknown}
Potions
 a - a potion of lignification
 l - 5 potions of curing {unknown}
 m - 4 potions of heal wounds {unknown}
 o - 2 potions of might {unknown}
 p - a potion of degeneration {unknown}
 u - a potion of brilliance {unknown}
 x - a potion of attraction {unknown}
 C - 2 potions of haste {unknown}
 E - 2 potions of enlightenment {unknown}
 F - a potion of mutation {unknown}
 G - a potion of resistance {unknown}


   Skills:
 + Level 4.5 Fighting
 + Level 4.6 Dodging
 * Level 6.5 Unarmed Combat
 * Level 6.0 Shapeshifting


You had 7 spell levels left.
You didn't know any spells.
Your spell library contained the following spells:

 Spells                   Type           Power      Damage    Failure   Level
 Apportation              Tloc           0%         N/A       32%         1
 Kiss of Death            Conj/Necr      0%         2d5       32%         1
 Necrotise                Necr           0%         1d4       32%         1
 Sandblast                Erth           0%         2d4       32%         1
 Summon Small Mammal      Summ           0%         N/A       32%         1
 Blink                    Tloc           0%         N/A       45%         2
 Ensorcelled Hibernation  Hex/Ice        0%         N/A       45%         2
 Lesser Beckoning         Tloc           0%         N/A       45%         2
 Momentum Strike          Conj/Tloc      0%         3d8       45%         2
 Passwall                 Tmut/Erth      0%         N/A       45%         2
 Poisonous Vapours        Pois/Air       0%         N/A       45%         2
 Confusing Touch          Hex            0%         N/A       69%         3
 Ozocubu's Armour         Ice            0%         N/A       69%         3
 Stone Arrow              Conj/Erth      0%         3d7       69%         3
 Swiftness                Air            0%         N/A       69%         3
 Vhi's Electric Charge    Tloc/Air       0%         N/A       69%         3
 Dispel Undead            Necr           0%         3d6       97%         4
 Leda's Liquefaction      Hex/Erth       0%         N/A       97%         4
 Arcjolt                  Conj/Air       0%         1d10      100%        5
 Ozocubu's Refrigeration  Ice            0%         4d7       100%        7
 Maxwell's Capacitive Co  Air            0%         ∞         100%        8
 Shatter                  Erth           0%         3d5*      100%        9


Dungeon Overview and Level Annotations

Branches:
Dungeon (7/15)             Temple (1/1) D:6

Altars:
Cheibriados
Qazlal
Vehumet
Xom
The Shining One


Innate Abilities, Weirdness & Mutations

You are a hulking beast.
Your limbs bulge with bestial killing power. (Slay +4)
You cannot wear most types of armour.
You are amphibious.
You can wear up to eight rings at the same time.
Your skin changes colour to match your surroundings (Stealth+).
Your rubbery body absorbs attacks. (AC +1, EV +1)
((You are camouflaged when in or above water. (Stealth+)))
You have tentacles for arms and can constrict up to eight enemies at once.


Message History

You closely miss the killer bee. You grab the killer bee.
You constrict the killer bee. The killer bee barely misses you.
The killer bee stings you. The killer bee closely misses you.
The killer bee struggles to escape constriction.
You closely miss the killer bee. You grab the killer bee.
You constrict the killer bee. x2; The killer bee closely misses you.
The killer bee struggles to escape constriction.
The killer bee closely misses you.
The killer bee escapes!
You tentacle-slap the killer bee. You grab the killer bee.
You squeeze the killer bee.
The killer bee is severely wounded.
You constrict the killer bee.
You constrict the killer bee, but do no damage.
The killer bee closely misses you. The killer bee misses you.
The killer bee stings you! x2; The killer bee closely misses you.
You barely miss the killer bee. You grab the killer bee.
You constrict the killer bee. x3; The killer bee stings you.
You are poisoned.
The killer bee poisons you! The killer bee closely misses you.
The killer bee stings you.
Unknown command.
You release your grip on the killer bee. x3
You feel very sick. The killer bee stings you.
The killer bee closely misses you. x2
The killer bee misses you. The killer bee closely misses you.
The killer bee attacks as you move away!
The killer bee closely misses you.
You feel sick. The killer bee closely misses you. The killer bee stings you!
* * * LOW HITPOINT WARNING * * *
You are lethally poisoned!
The killer bee poisons you! The killer bee misses you.
* * * LOW HITPOINT WARNING * * *
You feel very sick. The killer bee misses you.
The killer bee barely misses you. The killer bee closely misses you.
The killer bee completely misses you. The killer bee stings you.
* * * LOW HITPOINT WARNING * * *
You are more poisoned.
The killer bee poisons you! The killer bee stings you.
You die...

........#yy..#..........
........#....#..........
........'.y..#..........
......y.######..........
#######..........#######
#..........'....#
#y.........#....#
#yyy.......#....#
#hy........######
........##########
........# ........#
........+ ........#
#########


You could see 6 killer bees.

Vanquished Creatures
  Sigmund (D:4)
  A water moccasin (D:5)
  An ice beast (D:5)
  A sky beast (D:4)
  A black bear (D:5)
  A centaur (D:5)
  An ogre (D:5)
  A phantom (D:6)
  A bullfrog (D:6)
  A scorpion (D:4)
  A howler monkey (D:4)
  4 hounds
  3 jellies
  2 orc priests (D:3)
  2 iguanas
  2 sleepcaps
  Natasha (twice) (D:4)
  An orc wizard (D:5)
  2 adders
  2 shadow imps
  2 ufetubi
  9 orcs
  7 bats
  6 endoplasms
  5 giant cockroaches
  6 goblins
  5 hobgoblins
  2 jackals (D:1)
  5 kobolds
  A quokka (D:2)
  4 ball pythons
  5 frilled lizards
  11 rats
99 creatures vanquished.

Notes
Turn   | Place    | Note
-------+----------+-------------------------------------------
     0 | D:1      | LeprechaunX the Octopode Shapeshifter began the quest for
                  | the Orb.
     0 | D:1      | Reached XP level 1. HP: 14/14 MP: 1/1
    98 | D:1      | Got the Volume of Impure Tephra
   108 | D:1      | Reached XP level 2. HP: 19/19 MP: 2/2
   125 | D:1      | Found a faded altar of an unknown god.
   470 | D:1      | Reached XP level 3. HP: 24/24 MP: 3/3
  1115 | D:2      | Identified the +1 leather armour of the Pleiades {MP+9}
  1389 | D:3      | Reached XP level 4. HP: 30/30 MP: 4/4
  1621 | D:3      | Found a transporter.
  1672 | D:3      | Found a transporter.
  1796 | D:3      | Reached XP level 5. HP: 19/35 MP: 5/5
  1869 | D:3      | Found the Hermit's Pendant {Faith Invo=14 Evo=0 MP+5}
  2445 | D:4      | Noticed Sigmund
  2453 | D:4      | Reached XP level 6. HP: 18/42 MP: 6/6
  2460 | D:4      | Killed Sigmund
  2583 | D:4      | Reached XP level 7. HP: 46/46 MP: 7/7
  2808 | D:4      | Noticed Natasha
  2815 | D:4      | Killed Natasha
  2886 | D:4      | Noticed Natasha
  2923 | D:4      | Killed Natasha
  2924 | D:4      | Reached skill level 5 in Unarmed Combat
  3325 | D:5      | Entered Level 5 of the Dungeon
  3401 | D:5      | Found a stormy altar of Qazlal.
  3414 | D:5      | Reached skill level 5 in Shapeshifting
  3727 | D:5      | Reached XP level 8. HP: 47/54 MP: 8/8
  4031 | D:5      | Found a glowing golden altar of the Shining One.
  4309 | D:5      | Identified the +8 rapier "Hydrabane" {venom, rN+ MP+9 Str-3
                  | Int+7}
  4438 | D:6      | Found a staircase to the Ecumenical Temple.
  5073 | Temple   | Entered the Ecumenical Temple
  5077 | Temple   | Became a worshipper of Cheibriados the Contemplative
  5333 | D:7      | Slain by a killer bee

Illustrated notes

Levels and vault maps discovered:
D:1:      scummos_arrival_forest, layout_loops_ring,
          shapermc_ecumenical_altar_ellora
D:2:      layout_basic
D:3:      gammafunk_wand_slinger, layout_basic
D:4:      layout_loops_cross, uniq_sigmund, uniq_natasha
D:5:      layout_basic, mainiacjoe_overflow_alcove_4, amcnicky_altar_gilded,
          st_stairs_10
D:6:      layout_loops_cross, minmay_temple_entry_purple_smoke
D:7:      layout_gridville, mainiacjoe_overflow_tiny_flanked,
          nicolae_ru_great_annihilating_truth, serial_shops, shop,
          nicolae_island_escapes
Temple:   kb_temple_of_zot

Skill      XL: |  1  2  3  4  5  6  7  8 |
---------------+-------------------------+-----
Unarmed Combat | 3 4 5 6 |  6.5
Dodging        | 3 4 |  4.6
Shapeshifting  | 4 5 6 |  6.0
Fighting       | 3 4 |  4.5

Action                     |  1- 3 |  4- 6 |  7- 9 || total
---------------------------+-------+-------+-------++-------
  Melee: Unarmed           |    67 |    37 |    77 ||   181
         Constrict         |    16 |    12 |    23 ||    51
         Tentacles         |    10 |    13 |    20 ||    43
         Punch             |     3 |     1 |     2 ||     6
   Fire: Orcbow            |       |       |    18 ||    18
  Evoke: Wand              |       |     2 |       ||     2
   Stab: Sleeping          |    11 |     4 |     3 ||    18
 Armour: Skin              |     5 |     2 |     3 ||    10
  Dodge: Dodged            |    38 |    22 |    65 ||   125

Table legend: (Time is in decaauts)
 A = Elapsed time spent in this place.
 B = Non-inter-level travel time spent in this place.
 C = Inter-level travel time spent in this place.
 D = Time resting spent in this place.
 E = Time spent auto-exploring this place.
 F = Levels seen in this place.
 G = Mean time per level.
                   A        B        C        D        E       F      G
               +--------+--------+--------+--------+--------+-----+--------+
         Total |   5363 |   5087 |    276 |    407 |   3872 |   8 |  670.4 |
       Dungeon |   5347 |   5071 |    276 |    407 |   3872 |   7 |  763.9 |
        Temple |     16 |     16 |      0 |      0 |      0 |   1 |   16.0 |
               +--------+--------+--------+--------+--------+-----+--------+

Top non-repeatable levels by time:
     D:5: 1105 daAuts
     D:4: 1006 daAuts
     D:3: 946 daAuts
     D:1: 751 daAuts
     D:6: 745 daAuts
     D:2: 616 daAuts
     D:7: 175 daAuts
  Temple: 16 daAuts
